Map: Lerilak Crest

Players

FireCake

  • Race: Zerg Zerg

Nerchio - Winner!

  • Race: Zerg Zerg
  • League: Grandmaster

Event: DreamHack ROCCAT LotV Championship

VOD

Have the link to the VOD?

Description

Time

  • Played on: Nov. 27, 2015, 12:32 p.m.
  • Length: 12:13

All games in this series

Show
View Real Time Build Order
Export as new Build Order

FireCake Zerg 

Build Orders: Pool First 

Get SALT Encoding   

  12  0:00  Drone  
  13  0:08  Drone  
  14  0:16  Overlord  
  14  0:22  Extractor  
  14  0:23  Drone  
  15  0:35  Drone x2  
  17  0:44  Spawning Pool  
  17  0:47  Drone  
  17  1:05  Extractor  
  17  1:09  Hatchery  
  15  1:12  Drone  
  15  1:17  Drone  
  17  1:21  Drone  
  18  1:31  Queen  
  20  1:34  Zergling x2  
  20  1:37  Drone  
  22  1:48  Overlord  
  22  2:06  Queen  
  24  2:09  Zergling x2  
  24  2:12  Metabolic Boost  
  25  2:17  Spine Crawler  
  24  2:23  Zergling x6  
  24  2:29  Baneling Nest  
  26  2:38  Zergling x4  
  28  2:49  Overlord  
  28  2:52  Zergling x2  
  28  2:53  Zergling x2  
  30  2:58  Drone  
  30  3:01  Drone  
  32  3:13  Baneling x3  
  27  3:24  Drone x5  
  27  3:31  Drone  
  28  3:37  Drone  
  28  3:38  Drone  
  30  3:47  Drone  
  31  3:49  Drone  
  32  3:58  Drone x2  
  34  4:04  Queen  
  34  4:06  Drone  
  34  4:07  Drone  
  34  4:08  Drone  
  39  4:13  Zergling x4  
  40  4:25  Zergling x6  
  40  4:29  Baneling x2  
  43  4:46  Overlord  
  43  4:47  Overlord  
  43  4:48  Overlord  
  43  4:58  Drone  
  44  5:01  Hatchery  
  44  5:05  Drone x8  
  51  5:14  Roach Warren  
  51  5:17  Drone  
  51  5:18  Drone x2  
  52  5:22  Evolution Chamber  
  52  5:24  Extractor  
  52  5:26  Extractor  
  49  5:29  Drone x2  
  49  5:30  Drone  
  52  5:36  Overlord  
  52  5:39  Drone x3  
  52  5:40  Drone  
  56  5:49  Overlord  
  56  5:50  Zerg Missile Weapons Level 1  
  56  5:55  Queen  
  56  6:07  Overlord  
  56  6:08  Overlord  
  56  6:10  Roach  
  56  6:11  Roach x3  
  63  6:20  Roach x4  
  66  6:34  Roach  
  66  6:35  Roach x5  
  76  6:48  Roach x3  
  76  6:49  Drone  
  76  6:50  Drone x4  
  76  6:53  Lair  
  87  7:00  Drone x3  
  90  7:08  Overlord  
  90  7:09  Overlord  
  90  7:23  Overlord x4  
  90  7:30  Drone, Extractor  
  90  7:31  Extractor  
  90  7:35  Drone  
  90  7:40  Overlord x2  
  90  7:42  Roach x3  
  90  7:43  Roach x3  
  102  7:50  Zerg Missile Weapons Level 2  
  102  7:58  Drone x7  
  103  7:59  Glial Reconstitution  
  109  8:09  Roach  
  109  8:10  Roach x5  
  121  8:15  Overlord  
  121  8:16  Overlord  
  121  8:27  Overlord x3  
  121  8:28  Overlord  
  121  8:35  Roach x4  
  129  8:44  Roach x4  
  137  8:53  Ravager x2  
  137  8:54  Roach x3  
  137  8:55  Roach x3  
  149  8:58  Ravager x2  
  149  8:59  Roach x2  
  147  9:14  Roach  
  147  9:15  Roach x5  
  159  9:24  Hatchery  
  128  9:46  Roach  
  128  9:47  Roach x5  
  128  9:59  Roach x2  
  125  10:04  Ravager x2  
  125  10:05  Ravager x2  
  129  10:12  Roach  
  129  10:13  Roach  
  135  10:21  Roach x2  
  134  10:32  Roach x2  
  136  10:39  Roach x4  
  136  10:40  Burrow  
  104  10:57  Zergling x2  
  104  10:58  Zergling x8  
  78  11:25  Drone  
  72  11:43  Roach x14  
Show
View Real Time Build Order
Export as new Build Order

Nerchio Zerg - Winner!

Build Orders: Pool First, Zergling Baneling 

Get SALT Encoding   

  12  0:01  Drone  
  13  0:12  Overlord  
  13  0:17  Drone  
  14  0:30  Drone x2  
  14  0:34  Drone  
  17  0:38  Extractor  
  16  0:46  Spawning Pool  
  15  0:50  Drone  
  15  0:56  Drone  
  17  1:07  Drone  
  18  1:17  Overlord  
  18  1:33  Queen, Zergling x2  
  18  1:38  Metabolic Boost  
  18  1:39  Zergling x2  
  22  1:54  Hatchery  
  21  1:57  Zergling x2  
  22  2:05  Baneling Nest  
  21  2:09  Zergling x2  
  21  2:13  Zergling x2  
  23  2:23  Zergling x2  
  23  2:26  Queen  
  26  2:34  Overlord  
  26  2:43  Drone  
  28  2:44  Drone  
  28  2:45  Drone  
  28  2:51  Baneling x2  
  29  2:55  Baneling x2  
  29  2:56  Drone  
  30  3:00  Zergling x2  
  31  3:08  Zergling x2  
  31  3:09  Zergling x2  
  32  3:19  Zergling x4  
  31  3:23  Queen  
  32  3:28  Baneling x3  
  32  3:30  Drone  
  32  3:34  Drone  
  32  3:36  Drone  
  32  3:39  Drone  
  35  3:41  Drone  
  35  3:45  Drone  
  37  3:48  Baneling x2  
  37  3:54  Zergling x4  
  39  4:01  Drone  
  39  4:02  Drone  
  41  4:04  Drone  
  41  4:08  Overlord  
  42  4:10  Drone  
  42  4:15  Overlord  
  42  4:31  Drone x2  
  44  4:32  Extractor  
  44  4:33  Roach Warren  
  44  4:34  Evolution Chamber  
  44  4:35  Drone x2  
  44  4:36  Drone  
  44  4:39  Drone  
  44  4:43  Drone x2  
  47  4:51  Spine Crawler, Zergling x2  
  47  4:52  Zergling x2  
  47  4:56  Drone  
  47  4:57  Drone  
  49  5:00  Drone  
  49  5:04  Drone x2  
  52  5:07  Zerg Missile Weapons Level 1  
  52  5:10  Drone  
  52  5:11  Drone  
  54  5:16  Overlord  
  54  5:18  Overlord  
  54  5:30  Hatchery  
  54  5:32  Roach  
  54  5:35  Roach  
  57  5:38  Roach  
  57  5:42  Roach  
  63  5:43  Roach  
  63  5:47  Extractor  
  63  5:49  Lair  
  62  5:54  Roach  
  62  5:55  Roach x2  
  67  5:57  Roach  
  68  6:06  Overlord  
  68  6:08  Drone x2  
  68  6:10  Drone x3  
  73  6:18  Drone x2  
  75  6:27  Extractor  
  75  6:28  Overlord  
  69  6:33  Drone  
  68  6:42  Drone x3  
  68  6:43  Drone x5  
  74  6:51  Glial Reconstitution  
  74  6:52  Evolution Chamber  
  74  6:54  Ravager x3  
  74  6:55  Ravager, Overseer  
  74  6:59  Roach x3  
  83  7:03  Overlord  
  83  7:04  Overlord  
  83  7:05  Overlord  
  83  7:09  Overlord  
  83  7:14  Roach  
  83  7:15  Roach x3  
  91  7:25  Zerg Ground Armor Level 1  
  91  7:27  Drone x3  
  91  7:28  Extractor  
  93  7:30  Drone  
  93  7:31  Drone x2  
  93  7:32  Zerg Missile Weapons Level 2  
  93  7:34  Drone x2  
  93  7:36  Drone  
  99  7:37  Drone  
  99  7:38  Drone  
  99  7:42  Extractor  
  99  7:43  Roach x2  
  104  7:46  Roach  
  106  7:58  Roach x6  
  118  8:05  Hydralisk Den  
  117  8:11  Overlord x3  
  117  8:12  Roach  
  119  8:13  Roach  
  119  8:15  Roach  
  119  8:18  Roach  
  125  8:22  Roach x2  
  129  8:30  Hatchery  
  129  8:31  Roach  
  129  8:33  Roach  
  132  8:35  Overseer  
  132  8:36  Roach  
  132  8:39  Roach  
  132  8:41  Roach  
  138  8:42  Roach  
  138  8:45  Roach  
  138  8:47  Overlord  
  142  8:51  Roach x2  
  142  8:53  Roach  
  144  8:57  Overlord  
  144  9:02  Roach  
  140  9:03  Roach  
  140  9:04  Roach  
  140  9:06  Roach x3  
  140  9:08  Roach  
  148  9:15  Roach x3  
  148  9:16  Ravager x3  
  151  9:18  Roach  
  151  9:20  Roach  
  151  9:22  Roach  
  159  9:24  Roach  
  159  9:26  Overlord  
  159  9:31  Roach  
  159  9:32  Overlord  
  159  9:36  Roach  
  159  9:37  Roach  
  162  9:41  Roach  
  162  9:43  Roach  
  162  9:44  Roach  
  152  9:47  Roach x2  
  152  9:48  Roach  
  152  9:49  Roach  
  152  9:51  Roach  
  157  9:52  Roach  
  157  9:54  Roach  
  157  9:56  Roach  
  157  9:58  Roach  
  155  10:00  Ravager  
  155  10:02  Ravager x4  
  155  10:03  Ravager  
  155  10:04  Roach  
  155  10:06  Roach  
  165  10:08  Roach  
  165  10:11  Roach  
  165  10:13  Roach  
  171  10:15  Roach  
  171  10:16  Overseer  
  171  10:19  Roach  
  175  10:24  Roach x2  
  175  10:26  Overlord  
  179  10:31  Roach x2  
  179  10:33  Roach  
  173  10:38  Roach x2  
  173  10:40  Roach  
  173  10:42  Roach  
  177  10:46  Roach  
  177  10:48  Roach  
  175  10:51  Roach  
  164  10:58  Roach  
  141  11:19  Roach x3  
  147  11:30  Roach x2  
  121  11:49  Roach Warren  

Tags
 
Add a new tag
Caveats
  • Supply blocks, unpowered buildings, or Contaminate may cause inaccurate times.
  • Supply counts are checked every 10 seconds.